 Dungeon Crawl Stone Soup version 0.29-a0-542-g075992c915 (webtiles) character file.

Game seed: 14995583977493225704

151741 Flugkiller the Warrior (level 18, -11/189 HPs)
             Began as a Meteoran Chaos Knight on June 3, 2022.
             Was a Plaything of Xom.
             Killed from afar by Roxanne (39 damage)
             ... with a crystal spear
             ... on level 2 of the Shoals.
             The game lasted 01:14:35 (12099 turns).

Flugkiller the Warrior (Meteoran Chaos Knight)     Turns: 12099, Time: 01:14:36

Health: -11/189    AC: 30    Str: 16      XL:     18   Next: 50%
Magic:  17/31      EV: 21    Int: 22 (23) God:    Xom [...*..]
Gold:   2516       SH:  8    Dex: 18      Spells: 11/33 levels left

rFire   + + .      SeeInvis +   Z - +11 rapier "Salyaleh" {vorpal, rF+}
rCold   + . .      Faith    +   s - +2 buckler
rNeg    + . .      Spirit   .   (body armour currently unavailable)
rPois   ∞          Reflect  .   r - +2 hat {SInv}
rElec   +          Harm     .   U - scarf {rC+ rF+}
rCorr   .          Rampage  .   (gloves currently unavailable)
Will    ++...                   (boots currently unavailable)
Stlth   +.........              O - amulet of faith
HPRegen 0.41/turn               e - +6 ring of dexterity
MPRegen 0.22/turn               j - +4 ring of slaying

@: statue-form, very slightly contaminated, glowing, very slow
A: slow and powerful, torment resistance 1, boosted hp, sense surroundings 3,
otherworldly, glowing, explore regen, antennae 2, clumsy 1, deformed body,
deterioration 1, frail 1, strong 1, wild magic 1, noise suppression
}: 1/15 runes: gossamer
a: End Transformation, Renounce Religion


You were on level 2 of the Shoals.
You worshipped Xom.
You were a favourite toy of Xom.
You were a living statue of rough stone.
You visited 5 branches of the dungeon, and saw 30 of its levels.
You also visited: Bailey, Ice Cave and Volcano.

You collected 4170 gold pieces.
You spent 1654 gold pieces at shops.

Inventory:

Hand Weapons
 Z - the +11 rapier "Salyaleh" (weapon) {vorpal, rF+}
   (You acquired it on level 6 of the Lair of Beasts)

   It inflicts extra damage upon your enemies.
   rF:        It protects you from fire.
Missiles
 N - 11 curare-tipped darts
Armour
 a - a +0 pair of boots (melded)
   (You found it on level 2 of the Lair of Beasts)
 k - a +2 kite shield
   (You took it off a tengu warrior on level 15 of the Dungeon)
 r - a +2 hat of see invisible (worn)
   (You found it on level 4 of the Spider Nest)
 s - a +2 buckler (worn)
   (You found it on level 8 of the Dungeon)
 y - a +2 pair of gloves (melded)
   (You found it on level 5 of the Dungeon)
 S - a +2 robe of fire resistance
   (You took it off an orc sorcerer in a volcano)
 U - a scarf of resistance (worn)
   (You bought it in a shop on level 2 of the Orcish Mines)
 W - a +0 troll leather armour (melded)
   (You found it on level 2 of the Orcish Mines)
Jewellery
 e - a +6 ring of dexterity (left fist)
   (You found it on level 6 of the Dungeon)
 j - a +4 ring of slaying (right fist)
   (You bought it in a shop on level 2 of the Orcish Mines)
 m - a ring of willpower
   (You found it on level 15 of the Dungeon)
 o - a ring of ice
   (You found it on level 6 of the Dungeon)
 p - a ring of protection from cold
   (You found it on level 3 of the Spider Nest)
 O - an amulet of faith (around neck)
   (You found it on level 4 of the Lair of Beasts)
Wands
 b - a wand of charming (11)
   (You found it on level 8 of the Dungeon)
 u - a wand of iceblast (6)
   (You found it on level 7 of the Dungeon)
 A - a wand of polymorph (13)
   (You found it on level 12 of the Dungeon)
 D - a wand of mindburst (5)
   (You found it on level 8 of the Dungeon)
 I - a wand of acid (9)
   (You found it on level 15 of the Dungeon)
 P - a wand of paralysis (6)
   (You found it on level 1 of the Lair of Beasts)
 Q - a wand of flame (5)
   (You found it on level 1 of the Lair of Beasts)
 T - a wand of digging (8)
   (You found it on level 2 of the Lair of Beasts)
Scrolls
 g - a scroll of torment
 i - 9 scrolls of poison
 n - 3 scrolls of brand weapon
 t - 4 scrolls of teleportation
 z - a scroll of blinking
 B - 2 scrolls of immolation
 C - 3 scrolls of enchant weapon
 F - 4 scrolls of fear
 L - 4 scrolls of fog
 R - a scroll of summoning
 X - 2 scrolls of enchant armour
Potions
 d - 3 potions of might
 f - a potion of resistance {unknown}
 h - 4 potions of haste
 l - 2 potions of attraction
 q - 6 potions of curing
 v - a potion of lignification {unknown}
 w - 2 potions of heal wounds
 x - 6 potions of flight
 E - 8 potions of ambrosia
 G - a potion of magic {unknown}
 K - a potion of berserk rage
 M - 4 potions of cancellation
 V - 2 potions of mutation
 Y - 4 potions of brilliance
Miscellaneous
 c - a box of beasts (quivered)
   (You found it on level 13 of the Dungeon)
 H - a phial of floods
   (You found it in a bailey)
 J - a lightning rod (4/4)
   (You found it in a bailey)


   Skills:
 - Level 15.1 Fighting
 + Level 13.6 Short Blades
 - Level 3.8 Axes
 - Level 2.6 Armour
 - Level 14.6 Dodging
 + Level 6.8 Shields
 - Level 9.0 Unarmed Combat
 - Level 8.0 Spellcasting
 - Level 10.0 Conjurations
 - Level 14.0 Transmutations
 - Level 5.0 Ice Magic
 - Level 12.0 Earth Magic
 - Level 6.0 Evocations


You had 11 spell levels left.
You knew the following spells:

 Your Spells              Type           Power      Damage    Failure   Level
a - Frozen Ramparts       Ice            80%        1d10      6%          3
b - Hailstorm             Conj/Ice       53%        3d12      7%          4
c - Petrify               Tmut/Erth      72%        N/A       1%          4
d - Statue Form           Tmut/Erth      48%        N/A       11%         6
i - Irradiate             Conj/Tmut      34%        3d24      3%          5

Your spell library contained the following spells:

 Spells                   Type           Power      Damage    Failure   Level
 Magic Dart               Conj           100%       1d8       1%          1
 Sting                    Tmut/Pois      100%       1d8       1%          1
 Searing Ray              Conj           100%       2d8       1%          2
 Freeze                   Ice            100%       1d11      2%          1
 Shock                    Conj/Air       100%       1d9       2%          1
 Lee's Rapid Deconstruct  Erth           34%        3d18*     3%          5
 Dazzling Flash           Conj/Hex       80%        N/A       6%          3
 Ozocubu's Armour         Ice            40%        N/A       6%          3
 Leda's Liquefaction      Hex/Erth       22%        N/A       12%         4
 Necrotize                Necr           44%        1d6       14%         1
 Flame Wave               Conj/Fire      40%        2d9       17%         4
 Fulminant Prism          Conj/Hex       20%        3d13      17%         4
 Iskenderun's Mystic Bla  Conj/Tloc      40%        2d9       17%         4
 Poisonous Vapours        Pois/Air       22%        N/A       21%         2
 Scorch                   Fire           22%        2d6       21%         2
 Sublimation of Blood     Necr           11%        N/A       21%         2
 Alistair's Intoxication  Tmut/Pois      34%        N/A       21%         5
 Yara's Violent Unravell  Hex/Tmut       25%        3d11      21%         5
 Borgnjor's Vile Clutch   Necr/Erth      22%        N/A       30%         5
 Dragon Form              Tmut           37%        N/A       34%         7
 Call Canine Familiar     Summ           11%        N/A       36%         3
 Confusing Touch          Hex            11%        N/A       36%         3
 Portal Projectile        Hex/Tloc       22%        N/A       36%         3
 Swiftness                Air            11%        N/A       36%         3
 Tukima's Dance           Hex            11%        N/A       36%         3
 Vampiric Draining        Necr           11%        2d6       36%         3
 Freezing Cloud           Conj/Ice/Air   20%        6-21      41%         5
 Eringya's Noxious Bog    Tmut/Pois      25%        N/A       71%         6
 Airstrike                Air            5%         N/A       75%         4
 Cause Fear               Hex            5%         N/A       75%         4
 Corpse Rot               Necr/Pois/Air  11%        N/A       75%         4
 Olgreb's Toxic Radiance  Pois           11%        N/A       75%         4
 Passage of Golubria      Tloc           11%        N/A       75%         4
 Metabolic Englaciation   Hex/Ice        12%        N/A       75%         5
 Agony                    Necr           11%        N/A       97%         5
 Silence                  Hex/Air        5%         N/A       97%         5
 Summon Forest            Summ/Tloc      5%         N/A       97%         5
 Summon Mana Viper        Hex/Summ       11%        N/A       97%         5
 Summon Cactus Giant      Summ           5%         N/A       100%        6
 Enfeeble                 Hex            5%         N/A       100%        7
 Ozocubu's Refrigeration  Ice            20%        4d9       100%        7
 Dragon's Call            Summ           5%         N/A       100%        9


Dungeon Overview and Level Annotations

Branches:
Dungeon (15/15)              Lair (6/6) D:8          Shoals (3/4) Lair:4
 Spider (4/4) Lair:4        Slime (0/5) Lair:5          Orc (2/2) D:10
    Elf (0/3) Orc:2        Depths (0/4) D:15         Bailey (visited)
  IceCv (visited)         Volcano (visited)
 Temple: D:4-7       Vaults: D:13-14

Altars:
Fedhas
Hepliaklqana
Makhleb
Qazlal
Vehumet
Xom
The Shining One
Beogh
Jiyva

Shops:
D:4 =?   D:10 (!(   D:13 !([:*   Orc:2 [*=[(

Portals:
Hell: Lair:6

Annotations:
D:6 Maggie
Lair:4 3 runed translucent doors, Ikikoito's ghost, journeyman TrFi
Shoals:2 Roxanne


Innate Abilities, Weirdness & Mutations

You are a living statue of rough stone.
Your actions are slow, but your melee attacks are powerful.
You are resistant to unholy torment.
Your maximum health is greatly increased.
You are immune to poison.
Your equipment is partially melded.
You passively map a large area around you.
You are easily found by Zot.
You glow in the dark.
You regain HP and MP as you explore.
You have a pair of antennae on your head.
You are clumsy. (Dex -2)
Armour fits poorly on your strangely shaped body.
Your body sometimes deteriorates upon taking damage.
You are frail. (-10% HP)
Your muscles are strong. (Str +2)
Your spells are a little harder to cast, but a little more powerful.
You passively dampen the noise of your surroundings.


Message History

The merfolk throws a boomerang.
You block the boomerang.
The merfolk throws a boomerang.
The boomerang barely misses you. The merfolk completely misses you.
The merfolk barely misses you.
You puncture the merfolk!
The merfolk is moderately wounded.
You are now a favourite toy of Xom.
You puncture the merfolk!
The merfolk is severely wounded.
The merfolk barely misses you.
You puncture the merfolk!
The merfolk is almost dead.
The merfolk hits you with a +0 trident.
You impale the merfolk!!
You kill the merfolk!
A sea snake comes into view.
The sea snake hisses angrily. "Hum-dee-hum-dee-hum..."
The sea snake is charmed.
You are now a beloved toy of Xom.
You enter the shallow water.
Moving in this stuff is going to be slow.
You enter the shallow water.
Moving in this stuff is going to be slow.
Your transformation is almost over.
You enter the shallow water.
Moving in this stuff is going to be slow.
You revert to your normal fleshy form.
Your +2 pair of gloves unmelds from your body.
Your +0 pair of boots unmelds from your body.
Your +0 troll leather armour unmelds from your body.
The sea snake is no longer charmed.
You block the sea snake's attack. x2
You barely miss the sea snake. You block the sea snake's attack.
Your magical contamination has completely faded away.
You puncture the sea snake!
The sea snake is moderately wounded.
You puncture the sea snake!
The sea snake is heavily wounded.
You block the sea snake's attack.
You puncture the sea snake!
The sea snake is almost dead.
The sea snake completely misses you.
You puncture the sea snake!
The sea snake is almost dead.
You impale the sea snake!!
You kill the sea snake!
You see here a sea snake corpse.
Splash!
You fall into the shallow water.
Moving in this stuff is going to be slow.
You enter the shallow water.
Moving in this stuff is going to be slow.
You enter the shallow water.
Moving in this stuff is going to be slow.
You see here 3 large rocks.
Really walk into a travel-excluded area?
Roxanne sighs and says, "It wouldn't be so bad were it not for the bird droppings."
Unknown command.
You are now a favourite toy of Xom.
Xom grants you an implement of some kind.
Something appears at your feet!
You see here a +2 robe of resistance.
Roxanne casts a spell.
You blink.
Splash!
You fall into the shallow water.
Moving in this stuff is going to be slow.
Roxanne is nearby!
Casting: Irradiate (dangerous; 4% risk of failure)
Confirm with . or Enter, or press ? or * to list all spells.
You miscast Statue Form.
You are very lightly contaminated with residual magic.
You feel a strange surge of energy.
Roxanne casts a spell.
The bolt of magma hits you!! You partially resist.
Casting: Statue Form (dangerous; 13% risk of failure)
Confirm with . or Enter, or press ? or * to list all spells.
You turn into a living statue of rough stone.
Your +2 pair of gloves melds into your body.
Your +0 pair of boots melds into your body.
Your +0 troll leather armour melds into your body.
Roxanne mumbles some strange words.
The crystal spear hits you!!!
You emit a cloud of colourful smoke!
Roxanne casts a spell.
The crystal spear hits you!!!
* * * LOW HITPOINT WARNING * * *
Unknown command.
Roxanne casts a spell.
The iron shot hits you!
* * * LOW HITPOINT WARNING * * *
Unknown command.
Casting: Statue Form (dangerous; 11% risk of failure)
Confirm with . or Enter, or press ? or * to list all spells.
You erupt in a fountain of uncontrolled magic!
Roxanne is blasted with magical radiation!!
Roxanne is severely damaged.
Roxanne casts a spell.
The crystal spear hits you!!!
You die...
Xom chuckles heartily!

≈ ≈≈ ..≈≈≈≈≈≈≈≈...≈≈≈≈≈≈≈
≈ ≈≈ ≈
≈.....≈≈≈≈≈≈≈≈..≈≈≈≈≈≈≈≈ ≈
≈
P........!≈≈.....≈≈≈≈≈≈≈≈
≈ ≈≈ ≈
PPP.....).......≈≈...(≈≈≈
≈ ≈
≈..............≈≈..#..≈≈≈
≈ ≈
P..................##..≈≈
≈ ≈≈
≈..................###..≈≈
≈ ≈
≈......8....[........≈.≈≈
≈≈≈ ≈
≈≈≈.....8.......>...≈≈≈≈≈
≈
≈≈≈≈≈≈.§§°!≈......≈..≈≈≈≈≈
≈
≈≈≈≈≈≈≈§§§≈≈.....≈≈..≈≈≈≈≈
≈ ≈
≈≈≈≈≈≈§§≈≈≈≈......≈≈≈≈≈≈≈
≈≈≈≈≈≈≈≈≈≈≈≈..$...≈≈≈≈.≈≈
≈≈
≈≈≈≈≈≈≈≈≈≈≈≈≈.)...≈≈≈...≈
≈ ≈
≈≈≈≈≈≈≈≈≈≈≈≈.....≈≈≈.≈..≈
≈ ≈ ≈
≈≈≈≈≈≈≈≈≈≈≈≈≈.....≈≈≈≈...≈
≈
≈≈≈≈≈≈≈≈≈≈..≈..##.≈≈...÷.


You could see Roxanne.

Vanquished Creatures
  Kirke (D:15)
  Agnes (Spider:4)
  Louise (D:15)
  An orc warlord (Orc:2)
  4 emperor scorpions (Spider:4)
  Aizul (Shoals:3)
  3 ghost moths
  Nessos (Lair:6)
  A dire elephant (Lair:6)
  A spark wasp (Spider:3)
  Josephine (Orc:2)
  An ettin (D:15)
  A merfolk impaler (Shoals:2)
  9 hydras
  3 boulder beetles
  2 catoblepae
  11 two-headed ogres
  An ogre mage (D:15)
  4 centaur warriors
  A death knight (D:14)
  3 tengu warriors (D:15)
  A death yak (D:8)
  5 death scarabs (Spider:4)
  An orc high priest (Orc:2)
  A sun demon (Lair:6)
  A fire crab (shapeshifter) (D:13)
  5 pharaoh ants
  3 skeletal warriors (D:13)
  5 steelbarb worms
  An orb spider (Lair:4)
  3 lindwurms
  A deep troll (D:15)
  2 sea snakes (Shoals:2)
  3 orc knights
  A spectral jorogumo (Spider:4)
  2 wizards
  4 harpies (Shoals:2)
  9 ugly things
  6 wolf spider zombies (Spider:1)
  6 deep elf pyromancers
  3 orc sorcerers
  4 wolf spiders
  A faun (Shoals:1)
  7 manticores
  A salamander (shapeshifter) (Lair:2)
  5 moths of wrath
  6 elephants
  A black mamba (shapeshifter) (Lair:4)
  5 cyclopes
  A water nymph (Shoals:2)
  2 smoke demons
  3 black mambas
  10 cane toads
  A gargoyle (D:13)
  A kobold demonologist (D:13)
  An unseen horror (D:12)
  4 spectral redbacks (Spider:4)
  3 demonic crawlers (Spider:4)
  4 rime drakes (Lair:5)
  A freezing wraith (D:14)
  9 komodo dragons
  7 redback zombies
  2 ice devils (IceCv)
  A tengu conjurer (D:15)
  A queen bee (shapeshifter) (D:15)
  4 red devils
  5 merfolk
  3 spectral jumping spiders (Spider:4)
  6 trolls
  A hornet (D:13)
  2 wind drakes
  6 meliai
  13 blink frogs
  7 culicivora zombies
  5 tarantella zombies
  5 dream sheep
  8 tarantellas
  3 slime creatures
  3 spectral tarantellas (Spider:4)
  A raiju (shapeshifter) (D:13)
  2 spectral culicivoras (Spider:4)
  7 jumping spiders
  A centaur simulacrum (D:13)
  13 culicivoras
  12 wyverns
  3 hogs (D:15)
  2 fire bats (Volcano)
  10 basilisks
  4 wraiths
  60 yaks
  23 redbacks
  5 steam dragons
  10 vampire mosquitoes
  3 wargs
  A floating eye (Spider:4)
  2 hell hounds (Lair:6)
  7 water moccasins
  A swamp drake (D:4)
  An ice beast (D:5)
  25 orc warriors
  4 black bears
  A black bear (shapeshifter) (D:15)
  A sky beast (D:8)
  21 wolves
  4 ogres
  3 centaurs
  4 kobold brigands
  10 bullfrogs
  2 scorpions
  A cane toad simulacrum (IceCv)
  4 wights (D:6)
  An elephant simulacrum (IceCv)
  8 killer bees
  9 howler monkeys
  5 lava snakes (Volcano)
  2 hounds
  18 orc priests
  6 iguanas
  21 orc wizards
  5 hell rats (Lair:5)
  2 troll simulacra (IceCv)
  4 spriggan simulacra (IceCv)
  7 gnolls
  5 adders
  A naga simulacrum (IceCv)
  3 shadow imps
  12 white imps (Lair:1)
  2 dart slugs
  63 orcs
  11 ball pythons
  An endoplasm (D:4)
  A giant cockroach (D:4)
  7 goblins
  8 hobgoblins
  5 jackals (D:2)
  34 kobolds
  4 quokkas
  7 bats
  4 frilled lizards
  4 rats
775 creatures vanquished.

Vanquished Creatures (collateral kills)
  Rupert (D:15)
  A boulder beetle (D:10)
  2 orange demons (Lair:6)
  A red devil (Lair:6)
  3 slime creatures (D:12)
  4 yaks (D:10)
  A vampire mosquito (D:10)
  A hell hound (Lair:6)
  An ice beast (D:4)
  A howler monkey (D:6)
  2 orc priests (D:10)
  8 orcs
  A quokka (D:4)
  A ball python (D:4)
28 creatures vanquished.

Vanquished Creatures (others)
  An ugly thing (Volcano)
  A culicivora zombie (Spider:1)
  A yak (D:9)
  Dowan (D:4)
  A jelly (D:4)
  An orc wizard (D:9)
  An adder (D:4)
  12 fungi
  25 plants
44 creatures vanquished.

Grand Total: 847 creatures vanquished

Notes
Turn   | Place    | Note
-------+----------+-------------------------------------------
     0 | D:1      | Flugkiller the Meteoran Chaos Knight began the quest for
                  | the Orb.
     0 | D:1      | Reached XP level 1. HP: 19/19 MP: 2/2
   117 | D:1      | XOM: silly message
   241 | D:1      | Reached XP level 2. HP: 22/26 MP: 3/3
   418 | D:1      | XOM: divination: magic mapping
   496 | D:1      | Glimpsed the power of Zot.
   533 | D:1      | Reached XP level 3. HP: 26/31 MP: 3/5
   546 | D:1      | Glimpsed the power of Zot.
   552 | D:2      | Reached skill level 1 in Spellcasting
   563 | D:2      | Reached skill level 4 in Fighting
   566 | D:2      | Reached XP level 4. HP: 29/40 MP: 7/7
   706 | D:2      | XOM: god gift: mace {god gift}
   789 | D:2      | XOM: give mutation
   789 | D:2      | Gained mutation: You have a pair of small antennae on your
                  | head. [Xom's mischief]
  1131 | D:4      | Found Naman's Magic Scroll Shop.
  1138 | D:4      | XOM: polymorph kobold -> adder
  1144 | D:4      | Reached XP level 5. HP: 35/47 MP: 10/10
  1164 | D:4      | Found Hocriud's Jewellery Shop.
  1211 | D:4      | XOM: summons 2 friendly demons
  1286 | D:4      | XOM: 1-stop teleportation journey
  1318 | D:4      | Noticed a centaur
  1321 | D:4      | Noticed an ice beast
  1338 | D:4      | XOM: divine lightning
  1339 | D:4      | XOM: confuse monster(s)
  1340 | D:4      | Killed a centaur
  1341 | D:4      | Reached skill level 5 in Fighting
  1341 | D:4      | Reached XP level 6. HP: 35/56 MP: 11/13
  1343 | D:4      | Reached skill level 6 in Fighting
  1367 | D:4      | XOM: cleaving
  1371 | D:4      | XOM: summons 2 friendly demons
  1388 | D:4      | XOM: summons friendly shadow imp
  1405 | D:4      | Killed an ice beast
  1406 | D:4      | Reached XP level 7. HP: 64/64 MP: 14/14
  1470 | D:4      | Reached skill level 7 in Fighting
  1504 | D:4      | Noticed Dowan
  1504 | D:4      | Noticed Duvessa
  1515 | D:4      | Noticed Duvessa
  1515 | D:4      | Duvessa changed into Duvessa the swamp drake
  1515 | D:4      | XOM: polymorph Duvessa -> Duvessa the swamp drake
  1543 | D:4      | Killed Dowan
  1558 | D:4      | XOM: god gift: scroll of teleportation
  1562 | D:4      | XOM: summons 2 friendly demons
  1570 | D:4      | Killed Duvessa the swamp drake
  1623 | D:4      | XOM: butterfly on damage
  1626 | D:4      | XOM: enchant monster (good)
  1636 | D:4      | Reached skill level 8 in Fighting
  1636 | D:4      | Reached XP level 8. HP: 9/74 MP: 15/15
  1699 | D:5      | Entered Level 5 of the Dungeon
  1741 | D:5      | Learned a level 5 spell: Irradiate
  1759 | D:5      | Reached skill level 1 in Conjurations
  1815 | D:5      | Learned a level 3 spell: Frozen Ramparts
  1822 | D:5      | Found a shimmering altar of Xom.
  1823 | D:5      | Found a stormy altar of Qazlal.
  1854 | D:5      | Reached skill level 1 in Ice Magic
  1882 | D:5      | XOM: enchant monster (good)
  1913 | D:5      | XOM: divination: detect creatures
  2011 | D:5      | XOM: enchant monster (good)
  2043 | D:5      | XOM: confusion (+ monsters)
  2078 | D:6      | XOM: summons friendly white imp
  2230 | D:6      | Gained mutation: You passively map the area around you.
                  | [Meteoran growth]
  2230 | D:6      | Reached XP level 9. HP: 81/81 MP: 16/16
  2239 | D:6      | Noticed Maggie
  2285 | D:5      | Learned a level 4 spell: Hailstorm
  2329 | D:5      | Reached skill level 5 in Conjurations
  2423 | D:5      | XOM: give mutations
  2423 | D:5      | Gained mutation: You are robust. (+10% HP) [Xom's grace]
  2423 | D:5      | Gained mutation: You have sharp toenails. [Xom's grace]
  2423 | D:5      | Gained mutation: Your mind is acute. (Int +2) [Xom's grace]
  2490 | D:6      | XOM: chaos upgrade
  2532 | D:6      | XOM: potion effect (magic)
  2543 | D:6      | Reached skill level 5 in Ice Magic
  2665 | D:7      | XOM: give mutations
  2665 | D:7      | Lost mutation: Your mind is acute. (Int +2) [Xom's
                  | mischief]
  2665 | D:7      | Lost mutation: You have sharp toenails. [Xom's mischief]
  2697 | D:7      | Reached skill level 1 in Short Blades
  2697 | D:7      | Reached skill level 1 in Transmutations
  2697 | D:7      | Reached skill level 1 in Evocations
  2765 | D:7      | XOM: god gift: 52 gold pieces
  2958 | D:8      | XOM: enchant monster (good)
  3036 | D:8      | XOM: summons 2 friendly demons
  3149 | D:9      | Found a glowing golden altar of the Shining One.
  3149 | D:9      | Noticed a hornet
  3149 | D:9      | Noticed a deep elf pyromancer
  3149 | D:9      | Found a hazy altar of Hepliaklqana.
  3149 | D:9      | XOM: 4-stop teleportation journey
  3212 | D:9      | XOM: enchant monster (good)
  3228 | D:9      | XOM: enchant monster (good)
  3239 | D:9      | XOM: give mutation
  3239 | D:9      | Gained mutation: You passively dampen the noise of your
                  | surroundings. [Xom's grace]
  3247 | D:9      | XOM: summons 9 friendly demons
  3281 | D:9      | Reached XP level 10. HP: 55/96 MP: 8/17
  3284 | D:9      | Killed a deep elf pyromancer
  3290 | D:9      | Reached skill level 5 in Transmutations
  3616 | D:9      | Reached skill level 5 in Spellcasting
  3634 | D:9      | Paralysed by a hornet for 3 turns
  3672 | D:9      | XOM: chaos upgrade
  3688 | D:10     | Entered Level 10 of the Dungeon
  3694 | D:10     | Found Hoganoce's Weapon Shoppe.
  3694 | D:10     | Noticed a komodo dragon
  3697 | D:10     | Noticed a two-headed ogre
  3697 | D:10     | XOM: 1-stop teleportation journey
  3701 | D:10     | Killed a komodo dragon
  3742 | D:10     | XOM: enchant monster (good)
  3758 | D:10     | XOM: silly message
  3759 | D:10     | XOM: silly message
  3793 | D:10     | Found a staircase to the Orcish Mines.
  3871 | D:10     | Noticed a boulder beetle
  3877 | D:10     | Reached XP level 11. HP: 80/103 MP: 14/21
  3888 | D:10     | XOM: 1-stop teleportation journey
  3904 | D:10     | XOM: summons 8 friendly demons
  3932 | D:10     | XOM: cast spell 'Summon Cactus Giant'
  3937 | D:10     | Killed a boulder beetle
  3971 | D:10     | Noticed a two-headed ogre
  3979 | D:10     | XOM: 4-stop teleportation journey
  4072 | D:10     | XOM: divination: magic mapping
  4076 | D:10     | XOM: enchant monster (good)
  4084 | D:10     | Reached skill level 5 in Dodging
  4090 | D:10     | Reached skill level 10 in Conjurations
  4094 | D:10     | Killed a two-headed ogre
  4138 | D:10     | Found Pioreh's Weapon Boutique.
  4348 | D:10     | Found a flagged portal.
  4357 | Bailey   | Entered a bailey
  4755 | D:10     | Found Fyquf's Distillery.
  4774 | D:10     | Bought a potion of haste for 120 gold pieces
  4780 | D:11     | Noticed a purple ugly thing
  4789 | D:11     | Killed a cyan ugly thing
  4793 | D:11     | XOM: noise
  4824 | D:11     | XOM: 1-stop teleportation journey
  4876 | D:11     | Noticed a cyclops
  4886 | D:11     | XOM: divination: detect items
  4887 | D:11     | Killed a cyclops
  4899 | D:11     | You fall into a shaft and drop 2 floors!
  4904 | D:13     | Noticed a cyclops
  4915 | D:13     | Killed a cyclops
  4917 | D:13     | Found Huidig Ahor's Distillery.
  4925 | D:13     | Noticed a skeletal warrior
  4934 | D:13     | Reached XP level 12. HP: 97/112 MP: 18/22
  4936 | D:13     | Reached skill level 1 in Shields
  4941 | D:13     | Killed a skeletal warrior
  4947 | D:13     | XOM: divination: magic mapping
  4966 | D:13     | Bought a potion of cancellation for 136 gold pieces
  4966 | D:13     | Bought a potion of might for 68 gold pieces
  4976 | D:13     | Found Heagiraf's Weapon Boutique.
  4976 | D:13     | Noticed a boulder beetle
  4982 | D:13     | XOM: enchant monster (good)
  5063 | D:10     | XOM: summons 4 friendly demons
  5064 | D:10     | Killed a two-headed ogre
  5164 | D:11     | Noticed a boulder beetle
  5166 | D:11     | XOM: divination: magic mapping
  5186 | D:11     | Killed a boulder beetle
  5251 | D:9      | Reached skill level 5 in Shields
  5261 | D:9      | Learned a level 4 spell: Petrify
  5304 | D:8      | Found a radiant altar of Vehumet.
  5349 | D:8      | Found a staircase to the Lair.
  5349 | D:8      | Noticed a death yak
  5354 | D:8      | Reached skill level 1 in Earth Magic
  5358 | D:8      | Killed a death yak
  5374 | D:8      | Reached skill level 5 in Earth Magic
  5391 | Lair:1   | Entered Level 1 of the Lair of Beasts
  5420 | Lair:1   | XOM: enchant monster (good)
  5475 | Lair:1   | Identified the +5 chain mail "Akuhoffe" {Rampage rElec rF-
                  | Dex+7}
  5478 | Lair:1   | XOM: summons friendly ufetubus
  5571 | Lair:1   | XOM: god gift: 20 gold pieces
  5670 | Lair:1   | Reached XP level 13. HP: 102/121 MP: 13/26
  5714 | Lair:1   | Reached skill level 9 in Fighting
  5751 | Lair:1   | Found a frozen archway.
  5777 | IceCv    | Entered an ice cave
  5889 | IceCv    | Reached skill level 5 in Evocations
  5959 | Lair:2   | XOM: smoke on damage
  5960 | Lair:2   | XOM: noise
  5964 | Lair:2   | XOM: silly message
  6028 | Lair:2   | Found a dark tunnel.
  6033 | Volcano  | Entered a volcano
  6174 | Volcano  | Found a burning altar of Makhleb.
  6174 | Volcano  | XOM: potion effect (haste)
  6179 | Volcano  | XOM: divine lightning
  6217 | Volcano  | XOM: noise
  6290 | Volcano  | XOM: noise
  6417 | Lair:2   | Reached skill level 10 in Transmutations
  6498 | Lair:2   | Reached skill level 10 in Fighting
  6534 | Lair:2   | Noticed a six-headed hydra
  6542 | Lair:2   | Killed a six-headed hydra
  6566 | Lair:2   | XOM: give mutations
  6566 | Lair:2   | Lost mutation: You are robust. (+10% HP) [Xom's mischief]
  6566 | Lair:2   | Gained mutation: Your body sometimes deteriorates upon
                  | taking damage. [Xom's mischief]
  6566 | Lair:2   | Gained mutation: Armour fits poorly on your strangely
                  | shaped body. [Xom's mischief]
  6589 | Lair:2   | Learned a level 6 spell: Statue Form
  6627 | Lair:2   | XOM: give mutations
  6627 | Lair:2   | Gained mutation: You sometimes lose the ability to read
                  | scrolls when taking damage. [Xom's mischief]
  6627 | Lair:2   | Gained mutation: You are dopey. (Int -2) [Xom's mischief]
  6627 | Lair:2   | Gained mutation: You have an increased reservoir of magic.
                  | (+10% MP) [Xom's mischief]
  6627 | Lair:2   | Lost mutation: You have an increased reservoir of magic.
                  | (+10% MP) [Xom's mischief]
  6857 | Lair:3   | XOM: fake destruction
  6869 | Lair:3   | Identified the +1 robe of the Blind Marksman {Harm rElec
                  | rF- MP-9}
  6898 | Lair:4   | Noticed a catoblepas
  6909 | Lair:4   | Killed a catoblepas
  6919 | Lair:4   | Reached skill level 11 in Fighting
  6936 | Lair:4   | XOM: polymorph bullfrog -> shapeshifter
  6960 | Lair:4   | Found a hole to the Spider Nest.
  6960 | Lair:4   | XOM: silly message
  6985 | Lair:4   | XOM: confusion (+ monsters)
  6995 | Lair:4   | Reached XP level 14. HP: 78/124 MP: 6/27
  7036 | Lair:4   | XOM: enchant monster (bad)
  7041 | Lair:4   | XOM: silly message
  7126 | Lair:4   | XOM: blink monster(s)
  7127 | Lair:4   | Found a staircase to the Shoals.
  7233 | Lair:4   | Found a runed translucent gate.
  7233 | Lair:4   | Found a runed translucent gate.
  7233 | Lair:4   | Found a runed translucent gate.
  7234 | Lair:4   | Noticed an acid blob
  7234 | Lair:4   | Noticed an acid blob
  7243 | Lair:4   | Noticed an acid blob
  7243 | Lair:4   | Noticed an azure jelly
  7243 | Lair:4   | Noticed an azure jelly
  7243 | Lair:4   | Noticed an azure jelly
  7244 | Lair:4   | Noticed an acid blob
  7244 | Lair:4   | Noticed Ikikoito's ghost (journeyman TrFi)
  7244 | Lair:4   | Noticed a quicksilver ooze
  7244 | Lair:4   | Noticed an azure jelly
  7244 | Lair:4   | Noticed an azure jelly
  7245 | Lair:4   | Noticed an azure jelly
  7245 | Lair:4   | Noticed an azure jelly
  7247 | Lair:4   | Found a viscous altar of Jiyva.
  7247 | Lair:4   | Noticed an azure jelly
  7359 | Lair:5   | XOM: divination: detect items
  7365 | Lair:5   | Reached skill level 10 in Earth Magic
  7381 | Lair:5   | XOM: fog
  7390 | Lair:5   | XOM: draining
  7406 | Lair:5   | Found a staircase to the Slime Pits.
  7407 | Lair:5   | XOM: stat loss: -1 Int (17/18)
  7473 | Lair:5   | XOM: repel stairs
  7511 | Lair:5   | XOM: torment (63/124 hp)
  7566 | Lair:6   | Entered Level 6 of the Lair of Beasts
  7643 | Lair:6   | Reached skill level 1 in Unarmed Combat
  7673 | Lair:6   | XOM: blink monster(s)
  7731 | Lair:6   | Reached skill level 5 in Unarmed Combat
  7761 | Lair:6   | XOM: swap monsters
  7813 | Lair:6   | XOM: repel stairs
  7826 | Lair:5   | XOM: silly message
  7916 | Lair:5   | Reached XP level 15. HP: 97/129 MP: 14/28
  8057 | Lair:6   | Identified a scroll of acquirement
  8057 | Lair:6   | Acquired the +11 rapier "Salyaleh" {vorpal, rF+}
  8103 | Lair:6   | XOM: enchant monster (good)
  8134 | Lair:6   | Noticed Nessos
  8143 | Lair:6   | Killed Nessos
  8265 | Lair:6   | Found a burning altar of Makhleb.
  8268 | Lair:6   | XOM: cast spell 'Monstrous Menagerie'
  8280 | Lair:6   | Reached skill level 10 in Dodging
  8282 | Lair:6   | Found a gateway to Hell.
  8348 | Lair:6   | XOM: summons 3 hostile shadow creatures
  8376 | Lair:6   | XOM: stat loss: -1 Str (12/13)
  8392 | Lair:5   | XOM: noise
  8423 | Lair:5   | Found a viscous altar of Jiyva.
  8494 | Lair:1   | XOM: god gift: 23 gold pieces
  8591 | D:10     | XOM: silly message
  8597 | Orc:1    | Entered Level 1 of the Orcish Mines
  8670 | Orc:2    | Entered Level 2 of the Orcish Mines
  8670 | Orc:2    | Found a staircase to the Elven Halls.
  8710 | Orc:2    | XOM: summons friendly white imp
  8717 | Orc:2    | Reached skill level 12 in Fighting
  8720 | Orc:2    | Noticed an orc warlord
  8724 | Orc:2    | XOM: smoke on damage
  8733 | Orc:2    | XOM: enchant monster (good)
  8801 | Orc:2    | Killed an orc warlord
  8813 | Orc:2    | XOM: polymorph orc knight -> lindwurm
  8862 | Orc:2    | XOM: divination: magic mapping
  8895 | Orc:2    | Found Camauleun's Jewellery Shoppe.
  8905 | Orc:2    | XOM: enchant monster (good)
  8923 | Orc:2    | Found Goeh's General Store.
  8943 | Orc:2    | Found Agumagh's Antique Armour Shoppe.
  8958 | Orc:2    | Found Ybloac's Antique Weapon Shoppe.
  8983 | Orc:2    | Bought a shadowed robe for 142 gold pieces
  8983 | Orc:2    | Identified the +0 robe of Fortification {rPois} (You bought
                  | it in a shop on level 2 of the Orcish Mines)
  9004 | Orc:2    | Bought a +4 ring of slaying for 858 gold pieces
  9070 | Orc:2    | Found Qeewam's Antique Armour Shop.
  9100 | Orc:2    | Bought an embroidered scarf for 200 gold pieces
  9119 | Orc:2    | Noticed Josephine
  9129 | Orc:2    | Killed Josephine
  9292 | D:12     | XOM: 2-stop teleportation journey
  9295 | D:12     | XOM: summons 4 friendly demons
  9348 | D:12     | Got Buec's Compendium of Flight
  9370 | D:12     | XOM: god gift: scroll of enchant armour
  9387 | D:12     | Reached XP level 16. HP: 141/141 MP: 24/29
  9472 | D:12     | Found a blossoming altar of Fedhas.
  9514 | D:13     | XOM: polymorph boulder beetle -> culicivora
  9542 | D:13     | Found Jelay's Antique Armour Shop.
  9571 | D:13     | Found Xuix's Book Shoppe.
  9574 | D:13     | Found Xini's General Store.
  9587 | D:13     | Bought a potion of haste for 130 gold pieces
  9597 | D:13     | Reached skill level 13 in Fighting
  9608 | D:13     | XOM: repel stairs
  9699 | D:14     | Identified the +6 chain mail of Parts Unknown {rN+ Int-4
                  | SInv}
  9817 | D:15     | Entered Level 15 of the Dungeon
  9817 | D:15     | Noticed Louise
  9831 | D:15     | XOM: confusion
  9835 | D:15     | Killed Louise
  9836 | D:15     | XOM: 1-stop teleportation journey
  9911 | D:15     | Noticed Kirke
  9911 | D:15     | XOM: confusion
  9916 | D:15     | XOM: cast spell 'Metabolic Englaciation'
  9925 | D:15     | Killed Kirke
  9950 | D:15     | XOM: noise
  9971 | D:15     | Reached skill level 14 in Fighting
 10016 | D:15     | XOM: give mutations
 10016 | D:15     | Gained mutation: You are frail. (-10% HP) [Xom's mischief]
 10016 | D:15     | Gained mutation: You are very dopey. (Int -4) [Xom's
                  | mischief]
 10016 | D:15     | Lost mutation: You are very dopey. (Int -4) [Xom's
                  | mischief]
 10016 | D:15     | Lost mutation: You are dopey. (Int -2) [Xom's mischief]
 10024 | D:15     | Found a staircase to the Depths.
 10062 | D:15     | Noticed Rupert
 10062 | D:15     | XOM: summons 11 friendly demons
 10064 | D:15     | XOM: silly message
 10081 | D:15     | Killed Rupert
 10207 | D:13     | Identified the +1 ring mail of the Eleven Scars {rN+}
 10225 | D:13     | XOM: stat loss: -1 Dex (19/20)
 10240 | D:13     | Reached XP level 17. HP: 124/138 MP: 24/30
 10253 | D:13     | XOM: fog
 10454 | Lair:1   | XOM: give mutations
 10454 | Lair:1   | Gained mutation: You have a pair of antennae on your head.
                  | [Xom's grace]
 10454 | Lair:1   | Gained mutation: Your muscles are strong. (Str +2) [Xom's
                  | grace]
 10454 | Lair:1   | Gained mutation: You have a somewhat thin skeletal
                  | structure. (Dex +2, Stealth+) [Xom's grace]
 10454 | Lair:1   | Gained mutation: Your spells are a little harder to cast,
                  | but a little more powerful. [Xom's grace]
 10523 | Spider:1 | Entered Level 1 of the Spider Nest
 10576 | Spider:1 | XOM: summons friendly quasit
 10587 | Spider:1 | Reached skill level 15 in Fighting
 10601 | Spider:1 | XOM: divine lightning
 10612 | Spider:1 | XOM: enchant monster (bad)
 10622 | Spider:1 | XOM: give mutations
 10622 | Spider:1 | Gained mutation: You have large cloven feet. [Xom's
                  | mischief]
 10622 | Spider:1 | Lost mutation: You sometimes lose the ability to read
                  | scrolls when taking damage. [Xom's mischief]
 10622 | Spider:1 | Lost mutation: You have large cloven feet. [Xom's mischief]
 10622 | Spider:1 | Lost mutation: You have a somewhat thin skeletal structure.
                  | (Dex +2, Stealth+) [Xom's mischief]
 10880 | Spider:3 | XOM: torment (52/182 hp)
 11004 | Spider:4 | Entered Level 4 of the Spider Nest
 11019 | Spider:4 | XOM: swap monsters
 11022 | Spider:4 | XOM: summons 5 friendly demons
 11034 | Spider:3 | Identified the +9 falchion of Fate {freeze, rPois rCorr
                  | Str+2 Int+2}
 11076 | Spider:4 | XOM: enchant monster (bad)
 11139 | Spider:4 | Reached skill level 10 in Short Blades
 11153 | Spider:4 | Gained mutation: You are clumsy. (Dex -2) [mutagenic glow]
 11279 | Spider:4 | HP: 6/182 [emperor scorpion (27)]
 11341 | Spider:4 | XOM: enchant monster (bad)
 11372 | Spider:4 | Gained mutation: You passively map a large area around you.
                  | [Meteoran growth]
 11372 | Spider:4 | Reached XP level 18. HP: 146/146 MP: 26/31
 11439 | Spider:4 | XOM: polymorph jumping spider -> floating eye
 11478 | Spider:4 | Noticed Agnes
 11481 | Spider:4 | Killed Agnes
 11521 | Spider:4 | Got a gossamer rune of Zot
 11777 | Shoals:1 | Entered Level 1 of the Shoals
 11814 | Shoals:2 | XOM: cast spell 'Call Canine Familiar'
 11865 | Shoals:2 | XOM: potion effect (haste)
 11882 | Shoals:2 | Noticed Roxanne
 11897 | Shoals:3 | Noticed Aizul
 11897 | Shoals:3 | XOM: potion effect (might)
 11910 | Shoals:3 | Killed Aizul
 12034 | Shoals:2 | XOM: god gift: 2 potions of flight
 12056 | Shoals:2 | XOM: enchant monster (good)
 12093 | Shoals:2 | XOM: god gift: +2 robe of resistance
 12096 | Shoals:2 | XOM: smoke on damage
 12099 | Shoals:2 | Killed from afar by Roxanne

Illustrated notes

Levels and vault maps discovered:
D:1:      scummos_arrival_simple_crosswalls, layout_basic
D:2:      layout_basic, serial_shops, nicolae_shop_crystal, chequers_jeans,
          st_stairs_14
D:3:      layout_loops_ring
D:4:      cheibrodos_barr_body, layout_loops_ring,
          nicolae_wu_jian_immortal_techniques, serial_shops,
          nicolae_shop_advertising_works [nicolae_subvault_shop_adworks],
          nicolae_shop_stone, lemuel_old_faithful, uniq_duvessa
D:5:      layout_basic, nicolae_overflow_squiral,
          minmay_temple_entry_statues_pillars
D:6:      lemuel_insect_pit, layout_loops_ring, kennysheep_crisscross,
          uniq_maggie
D:7:      layout_gridville, nicolae_elevator_lobby_plus, uniq_pikel
D:8:      layout_basic, general_overflow_altar, david_lair_generic,
          minmay_misc_feat_doors
D:9:      layout_rooms, mainiacjoe_overflow_small_starburst,
          nzn_hepliaklqana_mist_gate, minmay_librarian
D:10:     layout_basic, david_orc_5, serial_shops, nicolae_stop_n_shop_1,
          nicolae_shop_bloodbath_and_beyond, nicolae_diamond_shop, shop_statue,
          enter_bailey_8, minmay_diced_spiral
D:11:     layout_loops_ring
D:12:     minmay_open_boxes_in_corner, layout_cave_pools,
          fedhas_altar_fruit_tree
D:13:     layout_rooms, serial_shops, shop, shop, shop,
          nicolae_shop_behind_doors, shop_statue, minmay_hollow_rounded_squares
D:14:     layout_roguey, david_vaults_4, nicolae_trove_entry_isolated
D:15:     hangedman_depths_entry_civil_slaughter, layout_rooms,
          chequers_serial_rivers_micro_a, eino_curves_01,
          minmay_misc_feat_roman, uniq_kirke, uniq_rupert, uniq_louise
Lair:1:   layout_layer_cave, portal_ice_cave_entry_imps, grunt_megastairs_4
Lair:2:   layout_regular_city, enter_volcano_4, lemuel_fruit_tree,
          grunt_megastairs_5, lemuel_fruit_fields
Lair:3:   layout_gridlike
Lair:4:   layout_gridlike, minmay_shoals_entry_beasts,
          nicolae_spider_entry_orb_guardian, gammafunk_ghost_ooze,
          serial_bayou_lagoon_a
Lair:5:   layout_cave_pods, slime_altar_1, special_room
          [special_room_mythical_zoo], serial_bayou_shore_b,
          infiniplex_staircase_pool
Lair:6:   evil_forest, layout_cave_pods, serial_bayou_shore_b,
          lemuel_fruit_fields, uniq_nessos
Shoals:1: layout_shoals, nicolae_shoals_so_close
Shoals:2: layout_shoals, uniq_roxanne
Shoals:3: layout_shoals, nicolae_shop_self_help, uniq_aizul
Spider:1: lemuel_spider_zombies, worms_lemuel
Spider:2: layout_chambers, einodemon_crawler_minivault
Spider:3: layout_spider_delve, nicolae_spider_undead_wolf_pack, uniq_arachne
Spider:4: floodkiller_spider_rune_tomb, gammafunk_ghost_arena,
          nicolae_spider_altar_of_dancing, uniq_agnes
Orc:1:    layout_caves, nicolae_orc_lava_tube, minmay_orc_temple_a
Orc:2:    grunt_orc_cross, layout_caves, serial_shops, shop, abandoned_shop,
          nicolae_orc_lava_room, uniq_josephine

Skill      XL: |  1  2  3  4  5  6  7  8  9 10 11 12 13 14 15 16 17 18 |
---------------+-------------------------------------------------------+-----
Spellcasting   | 1 2 4 6 8 |  8.0
Fighting       | 4 5 6 8 11 12 14 15 | 15.1
Conjurations   | 4 7 9 10 | 10.0
Ice Magic      | 3 5 |  5.0
Short Blades   | 3 4 6 11 13 | 13.6
Transmutations | 3 7 8 11 12 13 14 | 14.0
Evocations     | 2 4 6 |  6.0
Dodging        | 9 11 13 14 | 14.6
Shields        | 5 6 |  6.8
Earth Magic    | 6 8 12 | 12.0
Unarmed Combat | 8 9 |  9.0
Axes           | |  3.8
Armour         | |  2.6

Action                   |  1- 3 |  4- 6 |  7- 9 | 10-12 | 13-15 | 16-18 || total
-------------------------+-------+-------+-------+-------+-------+-------++-------
Melee: Hand axe          |    50 |    62 |    52 |    35 |       |       ||   199
       Dagger            |       |    57 |   174 |   231 |   360 |       ||   822
       Punch             |       |     1 |     3 |     2 |       |       ||     6
       Kick              |       |       |     4 |       |       |       ||     4
       Unarmed           |       |       |       |       |   106 |       ||   106
       Rapier            |       |       |       |       |   210 |   601 ||   811
 Cast: Hailstorm         |       |       |    17 |    37 |    29 |     4 ||    87
       Frozen Ramparts   |       |       |     9 |    19 |     8 |     2 ||    38
       Irradiate         |       |       |       |    21 |    89 |    63 ||   173
       Petrify           |       |       |       |       |    12 |     4 ||    16
       Statue Form       |       |       |       |       |    22 |    39 ||    61
 Abil: End Transformatio |       |       |       |       |    19 |    30 ||    49
Evoke: Piece from Xom's  |       |     1 |     6 |       |       |       ||     7
       Wand              |       |       |     3 |     8 |     1 |       ||    12
       Phial of floods   |       |       |       |       |       |     1 ||     1
  Use: Potion            |     1 |       |     1 |     2 |     2 |     3 ||     9
       Scroll            |       |     5 |     9 |    10 |     3 |     7 ||    34
 Stab: Confused          |       |     1 |       |       |     2 |     1 ||     4
       Petrified         |       |       |     6 |       |    12 |     2 ||    20
       Distracted        |       |       |     1 |       |     1 |       ||     2
       Paralysed         |       |       |     4 |       |     7 |       ||    11
       Sleeping          |       |       |       |     1 |       |       ||     1
       Petrifying        |       |       |       |       |     4 |       ||     4
Armor: Leather armour    |    40 |    99 |    57 |       |       |       ||   196
       Steam dragon scal |       |       |    14 |    80 |    26 |       ||   120
       Robe              |       |       |       |       |    72 |    18 ||    90
       Skin              |       |       |       |       |   179 |   549 ||   728
       Troll leather arm |       |       |       |       |       |    13 ||    13
Dodge: Dodged            |    32 |    88 |   113 |   194 |   570 |   928 ||  1925
Block: Buckler           |       |       |       |    13 |   358 |   484 ||   855

Table legend: (Time is in decaauts)
 A = Elapsed time spent in this place.
 B = Non-inter-level travel time spent in this place.
 C = Inter-level travel time spent in this place.
 D = Time resting spent in this place.
 E = Time spent auto-exploring this place.
 F = Levels seen in this place.
 G = Mean time per level.
                   A        B        C        D        E       F      G
               +--------+--------+--------+--------+--------+-----+--------+
         Total |  12679 |  10999 |   1680 |      0 |    449 |  33 |  384.2 |
       Dungeon |   6631 |   5537 |   1094 |      0 |    449 |  15 |  442.1 |
          Lair |   2880 |   2507 |    373 |      0 |      0 |   6 |  480.0 |
        Shoals |    390 |    383 |      7 |      0 |      0 |   3 |  130.0 |
   Spider Nest |   1460 |   1306 |    154 |      0 |      0 |   4 |  365.0 |
  Orcish Mines |    703 |    653 |     50 |      0 |      0 |   2 |  351.5 |
        Bailey |    233 |    233 |      0 |      0 |      0 |   1 |  233.0 |
      Ice Cave |    146 |    146 |      0 |      0 |      0 |   1 |  146.0 |
       Volcano |    232 |    232 |      0 |      0 |      0 |   1 |  232.0 |
               +--------+--------+--------+--------+--------+-----+--------+

Top non-repeatable levels by time:
    D:10: 955 daAuts
Spider:4: 801 daAuts
  Lair:6: 727 daAuts
     D:1: 612 daAuts
    D:13: 590 daAuts
     D:4: 575 daAuts
     D:5: 549 daAuts
   Orc:2: 510 daAuts
  Lair:4: 506 daAuts
     D:8: 504 daAuts
     D:9: 495 daAuts
  Lair:5: 476 daAuts
  Lair:2: 475 daAuts
  Lair:1: 422 daAuts
     D:6: 362 daAuts
